 Dungeon Crawl Stone Soup version 0.22-a0-373-gab1296c (webtiles) character file.

8713 mhoghedin the Fighter (level 11, -2/74 HPs)
             Began as a Kobold Hunter on Apr 25, 2018.
             Was a High Priest of Okawaru.
             Slain by a spiny frog (13 damage)
             ... on level 2 of the Lair of Beasts.
             The game lasted 00:23:31 (12317 turns).

mhoghedin the Fighter (Kobold Hunter)              Turns: 12317, Time: 00:23:31

Health: -2/74      AC:  7    Str: 13    XL:     11   Next: 60%
Magic:  0/15       EV: 18    Int: 13    God:    Okawaru [*****.]
Gold:   652        SH:  7    Dex: 13    Spells: 10/10 levels left

rFire    . . .     SeeInvis .   w - +7 falchion of the Eleven Emperors {vamp, +Rage MR+ Dex-2}
rCold    . . .     Gourm    .   v - +2 buckler
rNeg     . . .     Faith    .   c - +0 leather armour
rPois    +         Spirit   +   y - +0 helmet
rElec    .         Reflect  .   x - scarf {Spirit}
rCorr    .         Harm     .   (no gloves)
MR       +....                  (no boots)
Stlth    ++++......             (no amulet)
HPRegen  0.22/turn              E - ring of poison resistance {rPois, !d}
MPRegen  0.14/turn              m - +3 ring of protection

@: no status effects
A: small, carnivore
a: Heroism, Finesse, Renounce Religion, Evoke Berserk Rage


You were on level 2 of the Lair of Beasts.
You worshipped Okawaru.
Okawaru was extremely pleased with you.
You were not hungry.

You visited 2 branches of the dungeon, and saw 10 of its levels.

You collected 652 gold pieces.

Inventory:

Hand Weapons
 d - a +2 mace of holy wrath
   (You took it off an orc on level 7 of the Dungeon)
 s - a +2 hunting sling of freezing
   (You took it off Joseph on level 7 of the Dungeon)
 w - the +7 falchion of the Eleven Emperors (weapon) {vamp, +Rage MR+ Dex-2}
   (You found it on level 8 of the Dungeon)

   It inflicts no extra harm, but heals its wielder when it wounds a living foe.
   It affects your dexterity (-2).
   It affects your resistance to hostile enchantments.
   It lets you go berserk.
Missiles
 a - 39 bolts
 p - 2 throwing nets {=f, !d}
 r - 58 sling bullets
Armour
 c - a +0 leather armour (worn)
 v - a +2 buckler (worn)
   (You found it on level 4 of the Dungeon)
 x - a scarf of spirit shield (worn)
   (You found it on level 5 of the Dungeon)
 y - a +0 helmet (worn)
   (You found it on level 5 of the Dungeon)
Jewellery
 m - a +3 ring of protection (right hand)
   (You found it on level 2 of the Dungeon)
 C - an uncursed ring of flight {+Fly, !d}
   (You found it on level 5 of the Dungeon)
 E - a ring of poison resistance (left hand) {rPois, !d}
   (You found it on level 7 of the Dungeon)
 F - an uncursed ring of wizardry {unknown}
   (You found it on level 1 of the Lair of Beasts)
Wands
 o - a wand of random effects (27)
   (You took it off a centaur on level 7 of the Dungeon)
Scrolls
 b - a scroll of acquirement {unknown}
 e - 4 scrolls of identify
 h - a scroll of fear {unknown}
 i - 2 scrolls of amnesia
 j - 5 scrolls of remove curse
 t - a scroll of enchant weapon
 u - 3 scrolls of teleportation
 z - a scroll of enchant armour {unknown}
 A - 2 scrolls of magic mapping {!r}
Potions
 g - 7 potions of curing
 k - a potion of brilliance
 l - a potion of haste
 n - 3 potions of resistance
 q - 3 potions of flight
 B - a potion of mutation {!q}
 D - a potion of heal wounds {unknown}
Miscellaneous
 G - a fan of gales
   (You found it on level 1 of the Lair of Beasts)
Comestibles
 f - 14 rations


   Skills:
 + Level 11.3 Fighting
   Level 6.7(8.6) Short Blades
 + Level 5.1(5.8) Long Blades
 - Level 2.2 Slings
   Level 5.3 Crossbows
 - Level 7.4 Dodging
 - Level 8.2 Stealth
 - Level 2.8 Shields
 - Level 4.0 Invocations
 - Level 5.5 Evocations


You had 10 spell levels left.
You didn't know any spells.

Dungeon Overview and Level Annotations

Branches:
Dungeon (8/15)             Temple (0/1) D:4            Lair (2/6) D:8
  Swamp: Lair:2-4    Shoals: Lair:2-4     Snake: Lair:2-4    Spider: Lair:2-4

Altars:
Ashenzari
Fedhas
Hepliaklqana
Kikubaaqudgha
Okawaru
Sif Muna
Vehumet
Xom

Shops:
D:5 *

Annotations:
Lair:1 2 transporters


Innate Abilities, Weirdness & Mutations

You are small and have problems with some larger weapons.
You are carnivorous and can eat meat at any time.


Message History

You regained 8 hp, and now have 50/74 hp.
You regained 5 mp, and now have 14/15 mp.
You start resting.
You hear the steady crackling of a distant melting archway.
You regained 11 hp, and now have 61/74 hp.
MP restored: 15 You hear the steady crackling of a very distant melting archway.
Found a stone staircase leading down.
Health restored: 74
Found an escape hatch in the ceiling.
Found a stone staircase leading down.
No target in view!
There is an escape hatch in the ceiling here.
f - 14 rations (gained 1)
A - 2 scrolls of magic mapping {!r} (gained 1)
Found a stone staircase leading down.
You hear the quick crackling of a very distant melting archway.
j - 5 scrolls of remove curse (gained 1)
Found a stone staircase leading up.
There is a stone staircase leading up here.
You hear the quick crackling of a very distant melting archway.
You see here 16 stones.
You see here 16 stones.
A crocodile comes into view.
A crocodile is nearby!
The crocodile barely misses you.
You riposte.
You hit the crocodile. You hit the crocodile. You block the crocodile's attack.
You completely miss the crocodile. The crocodile barely misses you.
You barely miss the crocodile. The crocodile barely misses you.
You slash the crocodile! The crocodile misses you.
You slash the crocodile! The crocodile misses you.
You hit the crocodile. The crocodile bites you!
You take 9 damage, and have 65/74 hp.
You now have 13/15 mp.
You hit the crocodile.
You feel better. The crocodile misses you.
You hit the crocodile.
You feel better.
You kill the crocodile!
Okawaru accepts your kill.
You regained 2 hp, and now have 68/74 hp.
No target in view!
No target in view!
No target in view!
No target in view!
No target in view!
No target in view!
You hear the loud crackling of a very distant melting archway.
You see here a crocodile corpse.
You hear the loud crackling of a distant melting archway.
There is a stone staircase leading down here.
There is a stone staircase leading down here.
You hear the loud crackling of a very distant melting archway.
b - a scroll labeled SENYHI IHEUTZE Health restored: 74; MP restored: 15 The crackling of melting ice is subsiding rapidly.
The walls and floor vibrate strangely for a moment.
A spiny frog comes into view.
Unknown command.
A spiny frog is nearby!
The spiny frog completely misses you.
You hit the spiny frog but do no damage.
The spiny frog stings you but does no damage.
You hit the spiny frog. You block the spiny frog's attack.
The spiny frog completely misses you.
You hit the spiny frog. The spiny frog stings you!
You take 13 damage, and have 61/74 hp.
You now have 13/15 mp.
You slash the spiny frog!
You feel better. The spiny frog barely misses you.
You regained 7 hp, and now have 68/74 hp.
You hit the spiny frog.
You feel better. The spiny frog completely misses you.
You regained 2 hp, and now have 70/74 hp.
You closely miss the spiny frog. The spiny frog closely misses you.
You closely miss the spiny frog. The spiny frog closely misses you.
You block the spiny frog's attack.
Your shield prevents you from hitting the spiny frog.
The spiny frog stings you!!
You are poisoned.
The spiny frog poisons you!
You take 20 damage, and have 51/74 hp.
MASSIVE DAMAGE!!
You now have 10/15 mp.
You closely miss the spiny frog.
You feel sick. The spiny frog stings you.
You take 4 damage, and have 47/74 hp.
You now have 9/15 mp.
You completely miss the spiny frog.
You feel sick. You block the spiny frog's attack.
You take 2 damage, and have 45/74 hp.
You hit the spiny frog.
You feel sick. The spiny frog stings you! The spiny frog stings you!!
* * * LOW HITPOINT WARNING * * *
You take 32 damage, and have 13/74 hp.
MASSIVE DAMAGE!!
You now have 3/15 mp.
You feel better. The spiny frog completely misses you.
You regained 6 hp, and now have 19/74 hp.
You hit the spiny frog but do no damage.
The spiny frog misses you.
You hit the spiny frog.
You feel better. You block the spiny frog's attack.
You hit the spiny frog but do no damage.
The spiny frog stings you!
* * * LOW HITPOINT WARNING * * *
You take 9 damage, and have 11/74 hp.
You now have 1/15 mp.
You barely miss the spiny frog. You block the spiny frog's attack.
The spiny frog stings you!
You die...

##... #.... ########....
##########P#P#P##....
###.#.#................
#..#.....#.#...####..#.
##P......##.#..P.##.###.
#.....F.................
.......@..####.#...#..#.
..........# #..#######..
..........# #P.. #..
...........###..## #..
.............###.# ##.
..............# #.. ##..
................## .#
#.#. ..................#
#... P................#
##..#


You could see a spiny frog.

Vanquished Creatures
  The ghost of iamserjio the Quickloader, a novice KoHu of Okawaru (D:8)
  Joseph (D:7)
  A spiny frog (Lair:1)
  A komodo dragon (Lair:2)
  Prince Ribbit (D:7)
  Grinder (D:5)
  A hippogriff (Lair:1)
  3 blink frogs (Lair:2)
  4 yaks (Lair:1)
  7 wraiths
  A human (D:7)
  3 hogs (D:7)
  2 wargs
  Duvessa (D:4)
  Menkaure (D:4)
  3 water moccasins
  A porcupine (Lair:1)
  2 orc warriors (D:8)
  2 ice beasts (D:7)
  2 phantoms
  An ogre (D:6)
  4 crocodiles
  2 centaurs
  A big kobold (D:7)
  12 bullfrogs
  5 scorpions
  A wyvern skeleton (D:3)
  Dowan (D:4)
  4 wights (D:8)
  3 howler monkeys
  2 orc priests (D:8)
  2 bullfrog skeletons
  A hound (D:8)
  2 jellies
  3 iguanas
  Ijyb (D:3)
  An orc wizard (D:4)
  4 worker ants
  A killer bee zombie (D:6)
  A worker ant zombie (D:5)
  3 gnolls (D:5)
  7 adders
  2 shadow imps
  5 white imps (Lair:2)
  An adder zombie (D:6)
  An ooze (D:6)
  2 adder skeletons
  6 dart slugs
  4 worms
  7 leopard geckos
  20 orcs
  2 ball pythons
  7 bats
  8 giant cockroaches
  5 goblins
  4 hobgoblins
  2 jackals (D:3)
  11 kobolds
  4 quokkas
  5 frilled lizards
  A giant cockroach zombie (D:5)
  A leopard gecko skeleton (D:7)
  A quokka skeleton (D:4)
  10 rats
  A butterfly (D:7)
211 creatures vanquished.

Vanquished Creatures (others)
  A white imp (Lair:2)
  A fungus (Lair:2)
  2 plants
4 creatures vanquished.

Grand Total: 215 creatures vanquished

Notes
Turn   | Place    | Note
-------+----------+-------------------------------------------
     0 | D:1      | mhoghedin the Kobold Hunter began the quest for the Orb.
     0 | D:1      | Reached XP level 1. HP: 12/12 MP: 1/1
    22 | D:1      | Reached skill level 5 in Crossbows
    22 | D:1      | Reached XP level 2. HP: 18/18 MP: 2/2
   221 | D:1      | Reached skill level 3 in Dodging
   233 | D:1      | Reached XP level 3. HP: 22/22 MP: 3/3
   630 | D:1      | Reached skill level 3 in Fighting
   939 | D:2      | Reached XP level 4. HP: 28/28 MP: 4/4
  1058 | D:2      | Reached skill level 1 in Short Blades
  1200 | D:2      | Found an iron altar of Okawaru.
  1217 | D:2      | Became a worshipper of Warmaster Okawaru
  1530 | D:2      | Found a deep blue altar of Sif Muna.
  1530 | D:2      | Found an ancient bone altar of Kikubaaqudgha.
  1532 | D:2      | Found a radiant altar of Vehumet.
  1536 | D:2      | Identified Vehumet's Grimoire of Battle Magic
  1628 | D:3      | HP: 7/42 [wyvern skeleton (7)]
  1631 | D:3      | Reached skill level 4 in Fighting
  1631 | D:3      | Reached skill level 2 in Short Blades
  1631 | D:3      | Reached XP level 5. HP: 9/33 MP: 5/5
  2564 | D:3      | Reached skill level 3 in Short Blades
  2668 | D:3      | Noticed Ijyb
  2688 | D:3      | Killed Ijyb
  2924 | D:4      | Reached XP level 6. HP: 12/39 MP: 6/6
  3155 | D:4      | Reached skill level 4 in Short Blades
  3192 | D:4      | Reached skill level 2 in Stealth
  3701 | D:4      | Reached skill level 5 in Short Blades
  3701 | D:4      | Reached skill level 1 in Shields
  3701 | D:4      | Reached XP level 7. HP: 38/44 MP: 7/7
  3778 | D:4      | Reached * piety under Okawaru
  3805 | D:4      | Found a staircase to the Ecumenical Temple.
  3893 | D:4      | Found a hazy altar of Hepliaklqana.
  4062 | D:4      | Noticed Menkaure
  4068 | D:4      | Killed Menkaure
  4068 | D:4      | Reached skill level 6 in Short Blades
  4068 | D:4      | Reached skill level 2 in Shields
  4244 | D:4      | Noticed Dowan
  4246 | D:4      | Noticed Duvessa
  4249 | D:4      | Killed Dowan
  4253 | D:4      | HP: 8/44 [Duvessa/rapier (16)]
  4254 | D:4      | Killed Duvessa
  4254 | D:4      | Reached XP level 8. HP: 8/48 MP: 8/8
  4590 | D:5      | Entered Level 5 of the Dungeon
  4622 | D:5      | Noticed Grinder
  4630 | D:5      | Killed Grinder
  4630 | D:5      | Reached skill level 5 in Fighting
  4630 | D:5      | Reached skill level 3 in Stealth
  4630 | D:5      | Reached skill level 1 in Invocations
  4630 | D:5      | Reached skill level 1 in Evocations
  4639 | D:5      | Reached ** piety under Okawaru
  4691 | D:5      | Reached skill level 2 in Evocations
  4704 | D:5      | Reached skill level 4 in Stealth
  4704 | D:5      | Reached skill level 2 in Invocations
  5308 | D:5      | Found Kudaid's Assorted Antiques.
  5794 | D:6      | Reached skill level 5 in Stealth
  5794 | D:6      | Reached skill level 3 in Evocations
  5907 | D:6      | Reached skill level 3 in Invocations
  5932 | D:6      | Reached XP level 9. HP: 49/55 MP: 9/11
  6299 | D:6      | Reached skill level 6 in Fighting
  6589 | D:7      | Reached skill level 4 in Evocations
  6795 | D:7      | Reached skill level 6 in Stealth
  6940 | D:7      | Reached skill level 4 in Invocations
  7047 | D:7      | Reached *** piety under Okawaru
  7096 | D:7      | Found a shimmering altar of Xom.
  7127 | D:7      | Noticed Joseph
  7167 | D:7      | Killed Joseph
  7167 | D:7      | Reached skill level 7 in Fighting
  7167 | D:7      | Reached skill level 7 in Stealth
  7167 | D:7      | Reached skill level 5 in Evocations
  7464 | D:7      | Reached skill level 8 in Stealth
  7594 | D:7      | Reached XP level 10. HP: 56/64 MP: 10/14
  7651 | D:7      | Reached skill level 8 in Fighting
  7651 | D:7      | Reached skill level 4 in Dodging
  7848 | D:7      | Reached skill level 5 in Dodging
  7981 | D:7      | Found a shattered altar of Ashenzari.
  8017 | D:7      | Found the +5 scythe "Finisher" {speed, Str+3}
  8562 | D:8      | Received a gift from Okawaru
  8619 | D:8      | Noticed Prince Ribbit
  8668 | D:7      | Reached skill level 9 in Fighting
  8668 | D:7      | Reached skill level 6 in Dodging
  9101 | D:8      | Noticed iamserjio's ghost (novice KoHu)
  9132 | D:7      | Killed Prince Ribbit
  9132 | D:7      | Reached skill level 7 in Dodging
  9342 | D:7      | Reached **** piety under Okawaru
  9583 | D:8      | Got a fine falchion
  9589 | D:8      | Identified the +7 falchion of the Eleven Emperors {vamp, +Rage MR+ Dex-2} (You found it on level 8 of the Dungeon)
  9680 | D:8      | Reached skill level 1 in Long Blades
  9816 | D:8      | Reached skill level 10 in Fighting
  9823 | D:8      | Reached skill level 2 in Long Blades
 10010 | D:8      | Found a staircase to the Lair.
 10075 | D:8      | Killed iamserjio's ghost
 10075 | D:8      | Received a gift from Okawaru
 10075 | D:8      | Reached XP level 11. HP: 67/73 MP: 13/15
 10117 | D:8      | Found a blossoming altar of Fedhas.
 10407 | Lair:1   | Entered Level 1 of the Lair of Beasts
 10414 | Lair:1   | Reached skill level 3 in Long Blades
 10439 | Lair:1   | Found a transporter.
 10614 | Lair:1   | Reached skill level 4 in Long Blades
 10676 | Lair:1   | Reached skill level 11 in Fighting
 10776 | Lair:1   | Found a hazy altar of Hepliaklqana.
 10790 | Lair:1   | Found a transporter.
 10840 | Lair:1   | Reached ***** piety under Okawaru
 10859 | Lair:1   | Noticed an eight-headed hydra
 11175 | Lair:1   | HP: 16/74 [eight-headed hydra (12)]
 11190 | Lair:1   | HP: 10/74 [eight-headed hydra (10)]
 11575 | Lair:2   | Reached skill level 1 in Slings
 11591 | Lair:2   | HP: 17/74 [white imp/puff of frost (9)]
 11692 | Lair:2   | Reached skill level 5 in Long Blades
 11853 | Lair:2   | Reached skill level 2 in Slings
 12312 | Lair:2   | HP: 13/74 [spiny frog (19)]
 12317 | Lair:2   | Slain by a spiny frog

Vault maps used:
D:1:      saegor_arrival_simple_b, minmay_misc_feat_x, dk_noncrumbling_2
D:2:      grunt_temple_overflow_magic_moments, okawaru_gym_becter,
          minmay_pentomino_p4
D:3:      uniq_ijyb
D:4:      minmay_opposing_rooms, overflow_temple_1_default,
          minmay_temple_entry_glassed_door, uniq_menkaure, uniq_duvessa
D:5:      serial_shops, shop, first_ration, uniq_grinder
D:7:      lemuel_crystal_altar, xom_butterflies, minmay_guarded_unrand_finisher,
          uniq_joseph
D:8:      kennysheep_mini_moat, erik_lair_orcish_takeover, grunt_livestock,
          uniq_prince_ribbit1
Lair:1:   gammafunk_cloud_chamber, basic_altar
Lair:2:   basic_altar, portal_ice_cave_entry_imps, grunt_megastairs_5

Skill      XL: |  1  2  3  4  5  6  7  8  9 10 11 |
---------------+----------------------------------+-----
Crossbows      | 5 |  5.3
Dodging        | 3 7 |  7.4
Fighting       | 3 4 5 7 10 11 | 11.3
Short Blades   | 2 3 5 6 |  6.7
Stealth        | 2 5 8 |  8.2
Shields        | 1 2 |  2.8
Invocations    | 3 4 |  4.0
Evocations     | 3 5 |  5.5
Long Blades    | 2 5 |  5.1
Slings         | 2 |  2.2

Action                   |  1- 3 |  4- 6 |  7- 9 | 10-12 || total
-------------------------+-------+-------+-------+-------++-------
Melee: Short sword       |    20 |    26 |    92 |    46 ||   184
       Dagger            |       |   174 |   225 |    74 ||   473
       Hand crossbow     |       |     8 |       |       ||     8
       Mace              |       |       |    45 |    51 ||    96
       Falchion          |       |       |       |   225 ||   225
 Fire: Hand crossbow     |    71 |    26 |    10 |       ||   107
       Hunting sling     |       |       |     5 |    76 ||    81
Invok: Heroism           |       |       |     5 |    11 ||    16
 Abil: Evoke Berserk Rag |       |       |       |     1 ||     1
Evoke: Wand              |       |     2 |    34 |     8 ||    44
  Use: Potion            |       |     1 |     1 |     1 ||     3
       Scroll            |       |     6 |     9 |     4 ||    19
 Stab: Sleeping          |       |     4 |     5 |     2 ||    11
  Eat: Chunk             |       |    17 |     3 |    11 ||    31
       Ration            |       |       |     2 |     8 ||    10
Armor: Leather armour    |     6 |    47 |    31 |    62 ||   146
       Skin              |       |       |     7 |       ||     7
Dodge: Dodged            |    31 |   132 |   140 |   347 ||   650
Block: Buckler           |       |    10 |    87 |   185 ||   282
       Rpst.: Falchion   |       |       |       |    62 ||    62

Table legend:
 A = Spawn XP
 B = Non-spawn XP
 C = Spawn XP percentage of total XP
 D = Spawn monster count
 E = Non-spawn monster count
 F = Spawn count percentage of total count
 G = Total turns spent on level
                    A         B        C        D         E        F      G
               +---------+---------+-------+---------+---------+-------+---------
         Total |       0 |   12448 |   0.0 |       0 |     211 |   0.0 | 12317
               +---------+---------+-------+---------+---------+-------+---------
           D:1 |       0 |      58 |   0.0 |       0 |      30 |   0.0 |   804
           D:2 |       0 |      43 |   0.0 |       0 |      18 |   0.0 |   860
           D:3 |       0 |     158 |   0.0 |       0 |      19 |   0.0 |  1389
           D:4 |       0 |     778 |   0.0 |       0 |      25 |   0.0 |  1715
           D:5 |       0 |     534 |   0.0 |       0 |      15 |   0.0 |   801
           D:6 |       0 |     721 |   0.0 |       0 |      13 |   0.0 |  1372
           D:7 |       0 |    4131 |   0.0 |       0 |      42 |   0.0 |  2553
           D:8 |       0 |    1993 |   0.0 |       0 |      22 |   0.0 |   913
        Lair:1 |       0 |    2548 |   0.0 |       0 |      15 |   0.0 |  1130
        Lair:2 |       0 |    1484 |   0.0 |       0 |      12 |   0.0 |   780
               +---------+---------+-------+---------+---------+-------+---------

Vault maps used:
D:1:      saegor_arrival_simple_b, minmay_misc_feat_x, dk_noncrumbling_2
D:2:      grunt_temple_overflow_magic_moments, okawaru_gym_becter,
          minmay_pentomino_p4
D:3:      uniq_ijyb
D:4:      minmay_opposing_rooms, overflow_temple_1_default,
          minmay_temple_entry_glassed_door, uniq_menkaure, uniq_duvessa
D:5:      serial_shops, shop, first_ration, uniq_grinder
D:7:      lemuel_crystal_altar, xom_butterflies, minmay_guarded_unrand_finisher,
          uniq_joseph
D:8:      kennysheep_mini_moat, erik_lair_orcish_takeover, grunt_livestock,
          uniq_prince_ribbit1
Lair:1:   gammafunk_cloud_chamber, basic_altar
Lair:2:   basic_altar, portal_ice_cave_entry_imps, grunt_megastairs_5

Table legend:
 A = Turns spent in this place as a percentage of turns spent in the entire game.
 B = Non-inter-level travel turns spent in this place as a percentage of non-inter-level travel turns spent in the entire game.
 C = Inter-level travel turns spent in this place as a percentage of turns spent in this place.
 D = Turns resting spent in this place as a percentage of non-inter-level travel turns spent in this place.
 E = Turns spent auto-exploring this place as a percentage of non-inter-level travel turns spent in this place.
 F = Non-inter-level travel turns spent in this place divided by the number of levels of this place that you've seen.
                   A       B       C       D       E      F
               +-------+-------+-------+-------+-------+----------------------
         Total | 100.0 | 100.0 |   7.5 |  31.7 |  47.6 | 1139.3
       Dungeon |  84.5 |  83.5 |   8.6 |  29.4 |  49.4 | 1189.2
          Lair |  15.5 |  16.5 |   1.6 |  43.1 |  38.5 | 939.5
               +-------+-------+-------+-------+-------+----------------------

Table legend:
 A = Kills in this place as a percentage of kills in entire the game.
 B = Kills by you in this place as a percentage of kills by you in the entire game.
 C = Kills by friends in this place as a percentage of kills by friends in the entire game.
 D = Other kills in this place as a percentage of other kills in the entire game.
 E = Experience gained in this place as a percentage of experience gained in the entire game.
 F = Experience gained in this place divided by the number of levels of this place that you have seen.
                   A       B       C       D       E      F
               +-------+-------+-------+-------+-------+----------------------
         Total | 100.0 | 100.0 |   N/A | 100.0 | 100.0 | 1244.8
       Dungeon |  87.2 |  87.6 |   N/A |   0.0 |  67.6 | 1052.0
          Lair |  12.8 |  12.4 |   N/A | 100.0 |  32.4 | 2016.0
               +-------+-------+-------+-------+-------+----------------------
